 Dungeon Crawl Stone Soup version 0.29.1 (webtiles) character file.

Game seed: 4682025463237786696

55 SensoryNuts the Trooper (level 3, 0/24 HPs)
             Began as a Gargoyle Fighter on Sept 14, 2022.
             Slain by a gnoll
             ... wielding a +0 club
              (6 damage)
             ... on level 1 of the Dungeon.
             The game lasted 00:01:05 (1459 turns).

SensoryNuts the Trooper (Gargoyle Fighter)          Turns: 1459, Time: 00:01:05

Health: 0/24       AC: 10    Str: 20 (21) XL:     3   Next: 93%
Magic:  3/3        EV:  9    Int:  6 (8)  God:
Gold:   60         SH:  4    Dex:  6 (9)  Spells: 2/2 levels left

rFire   . . .      SeeInvis .   a - +0 flail
rCold   . . .      Faith    .   c - +0 buckler
rNeg    + . .      Spirit   .   b - +0 scale mail
rPois   ∞          Reflect  .   (no helmet)
rElec   +          Harm     .   (no cloak)
rCorr   .          Rampage  .   (no gloves)
Will    .....                   (no boots)
Stlth   ..........              (no amulet)
HPRegen 0.08/turn               (no ring)
MPRegen 0.08/turn               (no ring)

@: attractive
A: sickness immunity, AC +3, negative energy resistance 1, electricity
resistance, torment resistance 1, petrification resistance
a: no special abilities


You were on level 1 of the Dungeon.
You visited 1 branch of the dungeon, and saw 2 of its levels.

You collected 60 gold pieces.

Inventory:

Hand Weapons
 a - a +0 flail (weapon)
Armour
 b - a +0 scale mail (worn)
 c - a +0 buckler (worn)
Jewellery
 i - an amulet of magic regeneration
Scrolls
 d - a scroll of immolation {unknown}
 f - a scroll of magic mapping {unknown}
 g - a scroll of teleportation {unknown}
 h - a scroll of fog {unknown}
Potions
 e - a potion of attraction
 k - a potion of curing {unknown}
 l - a potion of magic {unknown}


   Skills:
 + Level 3.7 Fighting
 * Level 3.3 Maces & Flails
 + Level 3.5 Armour
 + Level 0.2 Dodging
 + Level 3.5 Shields


You had 2 spell levels left.
You didn't know any spells.
Your spell library contained the following spells:

 Spells                   Type           Power      Damage    Failure   Level
 Ensorcelled Hibernation  Hex/Ice        0%         N/A       95%         2
 Passwall                 Tmut/Erth      0%         N/A       95%         2
 Swiftness                Air            0%         N/A       99%         3


Dungeon Overview and Level Annotations

Branches:
Dungeon (2/15)

Altars:


Innate Abilities, Weirdness & Mutations

You are immune to sickness and miasma.
Your stone body is resilient. (AC +3)
You are immune to poison.
You resist negative energy. (rN+)
You are resistant to electric shocks. (rElec)
You are resistant to unholy torment.
You are immune to petrification.


Message History

You hit the gnoll but do no damage.
The gnoll is moderately wounded.
The gnoll misses you.
The gnoll hits you with a +1 whip of freezing.
The gnoll freezes you. The gnoll closely misses you.
The gnoll hits you but does no damage.
The gnoll hits you with a +1 whip of freezing.
The gnoll freezes you.
It was a potion of attraction.
You feel attractive to monsters. The gnoll hits you but does no damage.
You block the gnoll's attack. The gnoll closely misses you.
The gnoll attacks as you move away! You block the gnoll's attack.
The gnoll is attracted toward you.
You see here a bat corpse.
The gnoll is attracted toward you. The gnoll attacks as you move away!
The gnoll hits you but does no damage. The gnoll is attracted toward you.
The gnoll is attracted toward you. The gnoll attacks as you move away!
The gnoll hits you with a +0 club. The gnoll is attracted toward you.
The gnoll hits you but does no damage. The gnoll attacks as you move away!
The gnoll completely misses you. The gnoll attacks as you move away!
The gnoll misses you.
The gnoll hits you from afar with a +0 spear.
There is a stone staircase leading up here.
You climb upwards.
There is a stone staircase leading down here.
You barely miss the gnoll. The gnoll hits you but does no damage.
You completely miss the gnoll. The gnoll hits you but does no damage.
You barely miss the gnoll. The gnoll hits you with a +0 club. x2
You are too injured to fight recklessly!
A gnoll is nearby!
You barely miss the gnoll. The gnoll hits you with a +0 club.
* * * LOW HITPOINT WARNING * * *
It was a potion of degeneration.
There was something very wrong with that liquid.
You feel weakened.
You feel dopey.
You feel clumsy. The gnoll hits you with a +0 club.
You die...

### #.. #####[.
#.....#
############..##.#
#@g...........##..
#.###########.....
#.# ##.##. #.##
#.##. #..# #....
#..# #....
#..######## #....
#..#......# #....
#########..#......#
#....


You could see a gnoll.

Vanquished Creatures
  A gnoll (D:1)
  A worm (D:2)
  A dart slug (D:2)
  3 ball pythons (D:1)
  4 endoplasms (D:1)
  A giant cockroach (D:1)
  5 hobgoblins (D:1)
  3 jackals (D:1)
  2 quokkas (D:1)
  4 bats
  3 frilled lizards
  5 goblins (D:1)
  2 kobolds (D:1)
  2 rats
37 creatures vanquished.

Notes
Turn   | Place    | Note
-------+----------+-------------------------------------------
     0 | D:1      | SensoryNuts the Gargoyle Fighter began the quest for the
                  | Orb.
     0 | D:1      | Reached XP level 1. HP: 14/14 MP: 1/1
   278 | D:1      | Reached XP level 2. HP: 19/19 MP: 2/2
   509 | D:1      | Reached XP level 3. HP: 5/23 MP: 3/3
   922 | D:1      | Found a faded altar of an unknown god.
  1459 | D:1      | Slain by a gnoll

Illustrated notes

Levels and vault maps discovered:
D:1:      spicycebolla_arrival_xxxplode, layout_basic,
          ebering_ecumenical_altar_hall, roderic_serpentine_path,
          minmay_tetromino_o4
D:2:      layout_rooms, amcnicky_mini_corridor_feature,
          minmay_stone_trees_medium, minivault_4, hangedman_glass_teeth,
          uniq_terence

Skill      XL: |  1  2  3 |
---------------+----------+-----
Maces & Flails | 3 |  3.3
Fighting       | |  3.7
Armour         | |  3.5
Dodging        | |  0.2
Shields        | |  3.5

Action                   || total
-------------------------++-------
Melee: Flail             ||   127
  Use: Potion            ||     3
       Scroll            ||     1
Armor: Scale mail        ||    69
Dodge: Dodged            ||    57
Block: Buckler           ||    20
